[ AOE2 MATCH · #507171887 ]
UnrankedEthiopians vs Burgundians
Player's team · WIN
[ REPLAY ANALYSIS · EXTRACTED FROM THE RECORDED GAME ]
Feudal
12:57
Castle
22:25
Imperial
—
| APM avg | 64.4 |
| APM peak | 90 |
| eAPM avg | 24.9 |
| Villagers / military | 80 / 67 |
Focus
⚔️ 34.3% · 🌾 65.7%
Archer ×41 · Mangonel ×7 · Militia ×6 · Knight ×5 · Skirmisher ×3 · Scout Cavalry ×3
Feudal
8:32
Castle
20:21
Imperial
—
| APM avg | 45.2 |
| APM peak | 77 |
| eAPM avg | 21.5 |
| Villagers / military | 95 / 41 |
Focus
⚔️ 29.8% · 🌾 70.2%
Skirmisher ×25 · Monk ×4 · Mangonel ×4 · Coustillier ×4 · Flemish Militia ×4
Match map
Initial resources + every placement click. Lines = walls · curves = elevation contours. ◆ gold · ⬟ stone · ● berries · ✦ relic · ◌ wall gap
Your base· ✓ Closed at 22:25 · 84t walls · 1 gate(s)
Mununez's base· Open — opponent sealed themselves in
Smoothed initial terrain · ◌ = detected wall gap · hover for details
Inputs per minute
— Gabi - - Mununez
Build order — Gabi
First 150 of 235 actions detected
| 0:01 | Create | Villager (Male) |
| 0:01 | Create | Villager (Male) |
| 0:02 | Build | House |
| 0:04 | Build | House |
| 0:23 | Create | Villager (Male) |
| 0:34 | Create | Villager (Male) |
| 1:26 | Create | Villager (Male) |
| 2:00 | Create | Villager (Male) |
| 2:22 | Create | Villager (Male) |
| 2:43 | Create | Villager (Male) |
| 3:01 | Build | Barracks |
| 3:09 | Create | Villager (Male) |
| 3:40 | Create | Villager (Male) |
| 4:01 | Create | Militia |
| 4:08 | Create | Villager (Male) |
| 4:10 | Create | Militia |
| 4:14 | Build | House |
| 4:16 | Research | Loom |
| 4:32 | Create | Militia |
| 4:41 | Create | Villager (Male) |
| 4:53 | Create | Villager (Male) |
| 5:35 | Create | Villager (Male) |
| 5:40 | Build | House |
| 6:03 | Create | Villager (Male) |
| 6:18 | Create | Militia |
| 6:20 | Create | Villager (Male) |
| 6:49 | Build | House |
| 6:51 | Create | Villager (Male) |
| 7:14 | Create | Villager (Male) |
| 7:32 | Create | Villager (Male) |
| 7:48 | Build | Lumber Camp |
| 7:55 | Create | Militia |
| 8:02 | Create | Villager (Male) |
| 8:21 | Create | Villager (Male) |
| 8:58 | Create | Villager (Male) |
| 9:13 | Build | Mill |
| 9:28 | Create | Villager (Male) |
| 9:30 | Build | House |
| 9:52 | Create | Villager (Male) |
| 10:07 | Build | Farm |
| 10:08 | Build | Farm |
| 10:22 | Create | Villager (Male) |
| 10:26 | Build | Palisade Wall |
| 10:29 | Build | Palisade Wall |
| 10:44 | Research | Feudal Age |
| 11:01 | Build | Lumber Camp |
| 11:05 | Build | Farm |
| 11:07 | Build | Farm |
| 11:14 | Build | House |
| 11:17 | Build | Palisade Wall |
| 11:22 | Create | Militia |
| 11:28 | Build | Palisade Wall |
| 11:32 | Build | Palisade Wall |
| 12:24 | Build | House |
| 12:32 | Build | Mining Camp |
| 12:39 | Build | Palisade Wall |
| 12:47 | Build | Palisade Wall |
| 12:57 | Age | Feudal Age |
| 12:58 | Build | Palisade Wall |
| 13:02 | Create | Villager (Male) |
| 13:11 | Create | Villager (Male) |
| 13:24 | Create | Villager (Male) |
| 13:25 | Build | Archery Range |
| 13:30 | Create | Villager (Male) |
| 13:38 | Create | Villager (Male) |
| 13:47 | Research | Double-Bit Axe |
| 13:49 | Build | Palisade Wall |
| 13:52 | Create | Villager (Male) |
| 13:58 | Build | Palisade Wall |
| 14:10 | Create | Skirmisher |
| 14:13 | Create | Villager (Male) |
| 14:16 | Create | Skirmisher |
| 14:24 | Build | House |
| 14:39 | Create | Skirmisher |
| 14:42 | Create | Villager (Male) |
| 14:44 | Build | Palisade Wall |
| 14:56 | Build | Stable |
| 14:58 | Create | Villager (Male) |
| 15:09 | Create | Archer |
| 15:17 | Build | Farm |
| 15:20 | Build | Farm |
| 15:28 | Build | Palisade Wall |
| 15:50 | Create | Scout Cavalry |
| 15:51 | Create | Archer |
| 15:53 | Create | Villager (Male) |
| 16:02 | Create | Villager (Male) |
| 16:04 | Build | House |
| 16:19 | Build | Farm |
| 16:20 | Build | Farm |
| 16:21 | Build | Farm |
| 16:30 | Build | House |
| 16:35 | Build | Farm |
| 16:39 | Create | Scout Cavalry |
| 16:40 | Create | Archer |
| 16:42 | Build | Farm |
| 16:43 | Create | Villager (Male) |
| 16:58 | Create | Villager (Male) |
| 17:06 | Build | Farm |
| 17:07 | Create | Archer |
| 17:10 | Create | Villager (Male) |
| 17:29 | Create | Archer |
| 17:32 | Build | Farm |
| 17:40 | Create | Villager (Male) |
| 17:45 | Build | Market |
| 17:51 | Build | Farm |
| 18:01 | Create | Villager (Male) |
| 18:07 | Build | Palisade Gate |
| 18:15 | Build | Farm |
| 18:20 | Create | Archer |
| 18:55 | Create | Villager (Male) |
| 19:05 | Build | House |
| 19:18 | Create | Villager (Male) |
| 19:19 | Build | Farm |
| 19:27 | Build | Farm |
| 19:30 | Build | Farm |
| 19:45 | Research | Castle Age |
| 19:47 | Create | Archer |
| 19:47 | Create | Archer |
| 19:53 | Build | Archery Range |
| 20:12 | Build | Blacksmith |
| 20:17 | Create | Archer |
| 20:18 | Create | Scout Cavalry |
| 20:35 | Research | Gold Mining |
| 20:39 | Build | Lumber Camp |
| 20:53 | Create | Spearman |
| 20:53 | Create | Spearman |
| 20:56 | Create | Archer |
| 20:56 | Create | Archer |
| 21:05 | Research | Fletching |
| 21:14 | Build | House |
| 21:16 | Build | House |
| 21:20 | Create | Archer |
| 21:21 | Create | Archer |
| 21:40 | Create | Archer |
| 22:02 | Create | Archer |
| 22:05 | Create | Villager (Male) |
| 22:25 | Age | Castle Age |
| 22:28 | Build | Siege Workshop |
| 22:32 | Research | Bodkin Arrow |
| 22:36 | Create | Knight |
| 22:37 | Create | Villager (Male) |
| 22:39 | Build | House |
| 22:43 | Build | Mining Camp |
| 22:51 | Research | Crossbowman (upgrade) |
| 22:51 | Create | Villager (Male) |
| 22:57 | Create | Archer |
| 22:57 | Create | Archer |
| 23:17 | Create | Villager (Male) |
| 23:23 | Create | Mangonel |
| 23:27 | Create | Villager (Male) |
Build order — Mununez
First 150 of 259 actions detected
| 0:00 | Create | Villager (Male) |
| 0:00 | Create | Villager (Male) |
| 0:02 | Build | House |
| 0:03 | Build | House |
| 0:08 | Create | Villager (Male) |
| 0:08 | Create | Villager (Male) |
| 1:35 | Create | Villager (Male) |
| 2:02 | Create | Villager (Male) |
| 2:25 | Create | Villager (Male) |
| 2:44 | Build | Lumber Camp |
| 2:54 | Create | Villager (Male) |
| 2:55 | Create | Villager (Male) |
| 3:31 | Create | Villager (Male) ×2 |
| 3:53 | Build | House |
| 4:27 | Create | Villager (Male) |
| 4:44 | Research | Loom |
| 4:56 | Build | Mill |
| 5:17 | Create | Villager (Male) |
| 5:40 | Create | Villager (Male) |
| 6:13 | Build | House |
| 6:22 | Research | Feudal Age |
| 6:25 | Build | Mill |
| 7:35 | Build | Palisade Gate |
| 8:32 | Age | Feudal Age |
| 8:33 | Create | Villager (Male) |
| 8:38 | Build | Palisade Wall |
| 8:42 | Build | House |
| 8:52 | Create | Villager (Male) |
| 8:56 | Build | Barracks |
| 9:03 | Research | Double-Bit Axe |
| 9:11 | Create | Villager (Male) |
| 9:39 | Create | Villager (Male) |
| 9:51 | Create | Flemish Militia |
| 9:51 | Create | Flemish Militia |
| 9:57 | Build | Palisade Wall |
| 9:58 | Build | Palisade Wall |
| 10:06 | Create | Villager (Male) |
| 10:18 | Build | Archery Range |
| 10:41 | Create | Villager (Male) |
| 10:43 | Build | Mining Camp |
| 11:03 | Create | Villager (Male) |
| 11:12 | Research | Bow Saw |
| 11:20 | Build | House |
| 11:22 | Create | Skirmisher |
| 11:26 | Build | Palisade Wall |
| 11:28 | Build | Palisade Wall |
| 11:33 | Create | Villager (Male) |
| 11:40 | Build | House |
| 11:41 | Build | Palisade Wall |
| 11:44 | Build | Palisade Wall |
| 11:50 | Create | Villager (Male) |
| 11:55 | Create | Skirmisher |
| 12:13 | Create | Villager (Male) |
| 12:23 | Create | Villager (Male) |
| 12:25 | Build | Farm |
| 12:28 | Build | Farm |
| 12:32 | Build | Farm |
| 12:33 | Build | Farm |
| 12:47 | Build | Farm |
| 12:48 | Create | Villager (Male) |
| 12:51 | Create | Villager (Male) |
| 13:05 | Create | Skirmisher |
| 13:19 | Create | Villager (Male) |
| 13:25 | Create | Skirmisher |
| 13:40 | Create | Villager (Male) |
| 13:47 | Build | Farm |
| 13:48 | Build | Farm |
| 13:49 | Build | Farm |
| 13:49 | Build | Farm |
| 14:01 | Create | Flemish Militia |
| 14:02 | Create | Flemish Militia |
| 14:08 | Build | House |
| 14:17 | Create | Skirmisher |
| 14:22 | Create | Villager (Male) |
| 14:51 | Build | Farm |
| 14:52 | Build | Farm |
| 14:53 | Build | Farm |
| 14:55 | Research | Wheelbarrow |
| 15:12 | Build | House |
| 15:28 | Build | Palisade Wall |
| 15:50 | Build | Blacksmith |
| 15:51 | Build | Palisade Wall |
| 16:19 | Build | Lumber Camp |
| 16:35 | Create | Villager (Male) |
| 16:37 | Research | Fletching |
| 17:04 | Create | Villager (Male) |
| 17:27 | Build | House |
| 17:28 | Build | House |
| 17:29 | Build | House |
| 17:29 | Build | House |
| 17:41 | Research | Castle Age |
| 17:47 | Create | Skirmisher |
| 17:50 | Build | Archery Range |
| 18:02 | Research | Horse Collar |
| 18:12 | Create | Skirmisher |
| 18:21 | Build | Lumber Camp |
| 18:29 | Build | Palisade Wall |
| 18:36 | Build | Palisade Gate |
| 18:42 | Build | House |
| 18:43 | Build | House |
| 18:44 | Build | Palisade Wall |
| 18:45 | Build | Palisade Wall |
| 18:53 | Build | Palisade Wall |
| 18:53 | Build | Palisade Wall |
| 18:58 | Build | Palisade Gate |
| 19:22 | Create | Skirmisher |
| 19:22 | Create | Skirmisher |
| 19:25 | Research | Fletching |
| 19:28 | Build | Farm |
| 19:50 | Build | House |
| 19:53 | Create | Skirmisher |
| 19:53 | Create | Skirmisher |
| 20:05 | Create | Villager (Male) |
| 20:21 | Age | Castle Age |
| 20:22 | Research | Bodkin Arrow |
| 20:29 | Build | Town Center |
| 20:41 | Build | Monastery |
| 20:46 | Create | Villager (Male) |
| 21:00 | Create | Skirmisher |
| 21:00 | Create | Skirmisher |
| 21:05 | Create | Villager (Male) |
| 21:18 | Create | Villager (Male) |
| 21:24 | Create | Monk |
| 21:29 | Build | Town Center |
| 21:38 | Create | Villager (Male) |
| 21:44 | Build | Palisade Wall |
| 21:45 | Create | Villager (Male) |
| 21:46 | Create | Villager (Male) |
| 21:48 | Build | Farm |
| 21:49 | Build | Farm |
| 21:59 | Build | Farm |
| 22:11 | Create | Villager (Male) |
| 22:13 | Build | Farm |
| 22:17 | Research | Padded Archer Armor |
| 22:28 | Create | Monk |
| 22:30 | Create | Villager (Male) |
| 22:38 | Research | Elite Skirmisher (upgrade) |
| 22:41 | Create | Villager (Male) |
| 22:41 | Create | Villager (Male) |
| 22:49 | Create | Villager (Male) |
| 22:51 | Build | Farm |
| 22:59 | Create | Monk |
| 23:01 | Build | Farm |
| 23:02 | Create | Villager (Male) |
| 23:05 | Create | Villager (Male) |
| 23:16 | Build | Farm |
| 23:18 | Build | Farm |
| 23:21 | Research | Town Watch |
| 23:25 | Create | Villager (Male) |
| 23:27 | Create | Skirmisher |
Match timeline
| 3:01 | Gabi · first_building Barracks |
| 8:32 | Mununez · age_up feudal |
| 8:38 | Mununez · wall_segment Palisade Wall x3 |
| 8:56 | Mununez · first_building Barracks |
| 9:57 | Mununez · wall_segment Palisade Wall x1 |
| 9:58 | Mununez · wall_segment Palisade Wall x1 |
| 10:18 | Mununez · first_building Archery Range |
| 10:26 | Gabi · wall_segment Palisade Wall x4 |
| 10:29 | Gabi · wall_segment Palisade Wall x13 |
| 11:17 | Gabi · wall_segment Palisade Wall x4 |
| 11:26 | Mununez · wall_segment Palisade Wall x4 |
| 11:28 | Gabi · wall_segment Palisade Wall x15 |
| 11:28 | Mununez · wall_segment Palisade Wall x2 |
| 11:32 | Gabi · wall_segment Palisade Wall x15 |
| 11:41 | Mununez · wall_segment Palisade Wall x1 |
| 11:44 | Mununez · wall_segment Palisade Wall x3 |
| 12:39 | Gabi · wall_segment Palisade Wall x10 |
| 12:47 | Gabi · wall_segment Palisade Wall x1 |
| 12:57 | Gabi · age_up feudal |
| 12:58 | Gabi · wall_segment Palisade Wall x10 |
| 13:25 | Gabi · first_building Archery Range |
| 13:49 | Gabi · wall_segment Palisade Wall x6 |
| 13:58 | Gabi · wall_segment Palisade Wall x8 |
| 14:44 | Gabi · wall_segment Palisade Wall x5 |
| 14:56 | Gabi · first_building Stable |
| 15:28 | Gabi · wall_segment Palisade Wall x1 |
| 15:28 | Mununez · wall_segment Palisade Wall x12 |
| 15:51 | Mununez · wall_segment Palisade Wall x2 |
| 18:29 | Mununez · wall_segment Palisade Wall x1 |
| 18:44 | Mununez · wall_segment Palisade Wall x1 |
| 18:45 | Mununez · wall_segment Palisade Wall x1 |
| 18:53 | Mununez · wall_segment Palisade Wall x1 |
| 18:53 | Mununez · wall_segment Palisade Wall x1 |
| 19:11 | Gabi · first_market_sell 100 wood |
| 19:12 | Gabi · first_market_buy 100 food |
| 20:21 | Mununez · age_up castle |
| 20:41 | Mununez · first_building Monastery |
| 21:44 | Mununez · wall_segment Palisade Wall x1 |
| 22:25 | Gabi · age_up castle |
| 22:28 | Gabi · first_building Siege Workshop |
| 25:37 | Mununez · first_building Siege Workshop |
| 27:34 | Mununez · first_market_sell 100 wood |
| 28:38 | Mununez · first_building Castle |
| 30:27 | Mununez · first_market_buy 100 food |
| 31:40 | Mununez · resign |
[ AI ANALYSIS · 1 CREDIT ]
What really happened in this match?
Wolo.gg analyzes every decision: build order, eco, micro, common mistakes by bracket. Personalized analysis on WhatsApp or Discord in 30 seconds.
Civ guide
Ethiopians
Perfil
Jugador #2444511